 Dungeon Crawl Stone Soup version 0.28-a0-1206-g193881aaa2 (webtiles) character file.

Game seed: 8758759584922928728

2279 enile the Fighter (level 9, -3/85 HPs)
             Began as a Minotaur Wanderer on Dec 20, 2021.
             Was an Initiate of Gozag.
             Slain by Harold (9 damage)
             ... on level 7 of the Dungeon.
             The game lasted 00:14:18 (8148 turns).

enile the Fighter (Minotaur Wanderer)               Turns: 8148, Time: 00:14:19

Health: -3/85      AC: 14    Str: 21    XL:     9   Next: 16%
Magic:  8/17       EV:  4    Int:  7    God:    Gozag
Gold:   180        SH:  0    Dex:  7    Spells: 8/8 levels left

rFire   . . .      SeeInvis .   y - +8 hand axe "Ethemer" {freeze, rElec rN+ MP+9 Dex-5}
rCold   . . .      Faith    .   (no shield)
rNeg    + . .      Spirit   .   z - +0 chain mail
rPois   .          Reflect  .   (helmet restricted)
rElec   +          Harm     .   (no cloak)
rCorr   .          Rampage  .   F - +2 pair of gloves {infuse}
Will    .....                   (no boots)
Stlth   ..........              (no amulet)
HPRegen 0.24/turn               E - ring of wizardry
MPRegen 0.15/turn               (no ring)

@: gold aura, attractive, held, hasted, invisible, very quick
A: horns 2, retaliatory headbutt
a: Renounce Religion, Potion Petition, Call Merchant, Bribe Branch


You were on level 7 of the Dungeon.
You worshipped Gozag.
Gozag was aware of your devotion.
You visited 2 branches of the dungeon, and saw 8 of its levels.

You collected 464 gold pieces.
You spent 253 gold pieces at shops.
You paid 31 gold pieces to Gozag.

Inventory:

Hand Weapons
 a - a +3 vampiric falchion
 b - a +0 hunting sling
 l - a +2 dagger of speed
 y - the +8 hand axe "Ethemer" (weapon) {freeze, rElec rN+ MP+9 Dex-5}
   (You found it on level 5 of the Dungeon)

   It freezes those it strikes, dealing additional cold damage.
   It can also slow down cold-blooded creatures.
   Dex:       It affects your dexterity (-5).
   rElec:     It insulates you from electricity.
   rN:        It protects you from negative energy.
   MP:        It affects your magic capacity (+9).
Missiles
 c - 31 sling bullets
 e - 166 stones
Armour
 d - a +0 leather armour
 m - the +1 ring mail of Borabelodu {rPois rN+ Str-4}
   (You found it on level 4 of the Dungeon)

   Str:       It affects your strength (-4).
   rPois:     It protects you from poison.
   rN:        It protects you from negative energy.
 v - a +2 leather armour of positive energy
 z - a +0 chain mail (worn)
 F - a +2 pair of gloves of infusion (worn)
Jewellery
 E - a ring of wizardry (left hand)
Wands
 f - a wand of charming (3)
 s - a wand of polymorph (13)
 x - a wand of iceblast (10) (quivered)
Scrolls
 n - a scroll of immolation {unknown}
 o - 2 scrolls of fear {unknown}
 p - a scroll of amnesia
 r - a scroll of torment
Potions
 g - 2 potions of cancellation {unknown}
 h - a potion of degeneration {unknown}
 k - a potion of curing
 A - 2 potions of flight {unknown}
 B - 2 potions of mutation {unknown}


   Skills:
 + Level 9.6 Fighting
 - Level 6.0 Long Blades
 - Level 7.0 Axes
 - Level 1.1(1.7) Slings
 - Level 1.8(2.0) Throwing
 - Level 8.0 Armour
 - Level 1.0 Stealth
 - Level 1.0 Evocations


You had 8 spell levels left.
You didn't know any spells.
Your spell library contained the following spells:

 Spells                   Type           Power      Damage    Failure   Level
 Passwall                 Tmut/Erth      0%         N/A       87%         2
 Swiftness                Air            0%         N/A       98%         3
 Fireball                 Conj/Fire      0%         3d3       100%        5
 Starburst                Conj/Fire      0%         6d3       100%        6
 Ignition                 Fire           0%         3d3       100%        8


Dungeon Overview and Level Annotations

Branches:
Dungeon (7/15)             Temple (1/1) D:5

Altars:
Ashenzari
Cheibriados
Fedhas
Gozag
Hepliaklqana
Kikubaaqudgha
Makhleb
Nemelex Xobeh
Okawaru
Qazlal
Ru
Uskayaw
Vehumet
Wu Jian
Xom
Zin
The Shining One

Shops:
D:1 *   D:3 (

Annotations:
D:7 Harold


Innate Abilities, Weirdness & Mutations

You have a pair of horns on your head.
You reflexively headbutt those who attack you in melee.


Message History

The orc is attracted toward you. The orc is attracted toward you.
Harold is attracted toward you. The orc is attracted toward you.
Harold is attracted toward you. The orc is attracted toward you.
The orc is attracted toward you. The orc is attracted toward you.
Your transformation has ended.
The +8 hand axe "Ethemer" {freeze, rElec rN+ MP+9 Dex-5} unmelds from your body.
Your +2 pair of gloves of infusion unmelds from your body.
Your +0 chain mail unmelds from your body.
Your ring of wizardry unmelds from your body.
The +8 hand axe "Ethemer" {freeze, rElec rN+ MP+9 Dex-5} glows with a cold blue light!
You feel magic pooling in your hands. The orc is attracted toward you.
You hit the orc. You freeze the orc. Your headbutt misses the orc.
The orc is almost dead.
The orc shouts!
The orc hits you with the +1 falchion of Peliy {speed, Fly rF+ Dex-5}.
* * * LOW HITPOINT WARNING * * *
The orc hits you but does no damage. Harold is attracted toward you.
Okay, then.
You feel yourself speed up. The orc hits you but does no damage.
Harold is attracted toward you.
Harold fires a harpoon shot at the orc.
The harpoon shot hits the orc!
The orc dies!
Harold is attracted toward you. Harold is attracted toward you.
Found a falchion.
Harold is attracted toward you.
Harold throws a throwing net.
The throwing net hits you.
You become entangled in the net!
Harold is attracted toward you.
You see here a throwing net.
Aiming: Charm
Press: ? - help, Shift-Dir - straight line, f - Harold
Aim: Harold, wielding a +0 long sword, wearing a +0 scale mail and carrying a wand of polymorph (4) (lightly wounded, chance to affect: 17%)
Okay, then.
Okay, then.
You fade further into invisibility.
Harold hits you with a +0 long sword!
You die...
Your body crumbles into a pile of gold.

.#######§§#.#
.......§§@#§#
.########§#§##
#....§§§§#@§#
#.#########.#
#.#########§###
#.#.§§.§§§....#
#.##.#@#######.#.#
#....@.....)....#.#
#..........#...###.#
#............##. .#
#.##.#.###.### # #
.. #.#.# .# ## #.#.#
# #.#.. #. ##


You could see Harold.

Vanquished Creatures
  Grinder (D:6)
  A steam dragon (D:7)
  Menkaure (D:6)
  A water moccasin (D:5)
  2 orc warriors
  2 necrophages
  A black bear (D:5)
  An ogre (D:5)
  A centaur (D:7)
  A scorpion (D:6)
  A gnoll sergeant (D:6)
  A wyvern skeleton (D:6)
  A water moccasin skeleton (D:5)
  A killer bee (D:5)
  2 howler monkeys
  3 hounds
  5 orc priests
  3 jellies
  3 centaur skeletons
  2 iguanas
  3 orc wizards
  6 adders
  A howler monkey skeleton (D:4)
  4 shadow imps
  A white imp (D:6)
  An ufetubus (D:4)
  An adder skeleton (D:4)
  A worm (D:2)
  3 dart slugs
  21 orcs
  10 ball pythons
  3 bats
  6 endoplasms
  3 giant cockroaches
  8 goblins
  7 hobgoblins
  3 jackals (D:4)
  2 quokkas
  5 frilled lizards
  8 kobolds
  6 rats
137 creatures vanquished.

Vanquished Creatures (others)
  An orc (D:7)
1 creature vanquished.

Grand Total: 138 creatures vanquished

Notes
Turn   | Place    | Note
-------+----------+-------------------------------------------
     0 | D:1      | enile the Minotaur Wanderer began the quest for the Orb.
     0 | D:1      | enile set off with the following items: a +3 falchion, a +0
                  | hunting sling, 18 sling bullets, a +0 leather armour
     0 | D:1      | Reached XP level 1. HP: 19/19 MP: 0/0
    22 | D:1      | Reached skill level 4 in Fighting
    68 | D:1      | Reached XP level 2. HP: 28/28 MP: 1/1
   240 | D:1      | Found Zuj Mix's Assorted Antiques.
   250 | D:1      | Bought a cyan potion for 24 gold pieces
   525 | D:2      | Reached skill level 5 in Fighting
   549 | D:2      | Reached skill level 5 in Long Blades
   549 | D:2      | Reached XP level 3. HP: 27/36 MP: 2/2
  1001 | D:2      | Found an ornate altar of the Wu Jian Council.
  1568 | D:3      | Found a blossoming altar of Fedhas.
  1596 | D:3      | Reached skill level 6 in Fighting
  1596 | D:3      | Reached skill level 1 in Armour
  1596 | D:3      | Reached XP level 4. HP: 41/44 MP: 3/3
  1938 | D:3      | Reached XP level 5. HP: 46/50 MP: 4/4
  2373 | D:3      | Found Ubuluv's Weapon Emporium.
  2545 | D:4      | Identified the +1 ring mail of Borabelodu {rPois rN+ Str-4}
  2797 | D:4      | Reached XP level 6. HP: 24/58 MP: 5/5
  3094 | D:4      | Reached skill level 7 in Fighting
  3151 | D:4      | Found a sparkling altar of Nemelex Xobeh.
  4020 | D:5      | Entered Level 5 of the Dungeon
  4020 | D:5      | Noticed Blork the orc
  4324 | D:5      | Noticed Blork
  4324 | D:5      | Blork the orc changed into Blork the killer bee
  4328 | D:5      | Killed Blork the killer bee
  4329 | D:5      | Reached skill level 8 in Fighting
  4406 | D:5      | Reached skill level 1 in Throwing
  4436 | D:5      | Reached XP level 7. HP: 68/68 MP: 6/6
  4482 | D:5      | Found a snail-covered altar of Cheibriados.
  4537 | D:5      | Identified the +8 hand axe "Ethemer" {freeze, rElec rN+
                  | MP+9 Dex-5}
  4541 | D:5      | Reached skill level 1 in Axes
  4746 | D:5      | Found a staircase to the Ecumenical Temple.
  4759 | Temple   | Entered the Ecumenical Temple
  5011 | Temple   | Became a worshipper of Gozag Ym Sagoz the Greedy
  5145 | D:5      | Reached skill level 5 in Armour
  5469 | D:5      | Reached XP level 8. HP: 47/74 MP: 7/7
  5913 | D:6      | Noticed Menkaure
  6063 | D:6      | Killed Menkaure
  6342 | D:6      | Reached skill level 5 in Axes
  6915 | D:6      | Noticed Grinder
  6932 | D:6      | Killed Grinder
  6933 | D:6      | Reached skill level 9 in Fighting
  7173 | D:1      | Bought a pair of glowing gloves for 202 gold pieces
  7173 | D:1      | Bought a scroll labelled PIANTO SALELL for 27 gold pieces
  7916 | D:7      | Reached XP level 9. HP: 74/83 MP: 8/8
  8092 | D:7      | Noticed Harold
  8125 | D:7      | HP: 4/85 [Harold/harpoon shot (9)]
  8132 | D:7      | Identified the +1 falchion of Peliy {speed, Fly rF+ Dex-5}
  8148 | D:7      | Slain by Harold

Illustrated notes

Levels and vault maps discovered:
D:1:      scummos_arrival_star, layout_rooms, serial_shops,
          nicolae_shop_overgrown_old_shop, minivault_11, st_stairs_3
D:2:      layout_basic, basic_altar
D:3:      layout_basic, mainiacjoe_overflow_paths, serial_shops, shop,
          chequers_serial_rivers_small_b, hangedman_decor_growths,
          serial_bayou_pond_a
D:4:      layout_basic, marbit_many_paths, corexii_item_surrounded_by_moat,
          kennysheep_flooded_box
D:5:      layout_rooms, mainiacjoe_overflow_boulevard, minmay_temple_entry_hall,
          grunt_tough_drop, uniq_blork_the_orc
D:6:      layout_basic, minmay_misc_feat_enclosed, nicolae_zen_rock_garden,
          minivault_26, st_stairs_14, hex_intersection, uniq_grinder,
          uniq_menkaure
D:7:      layout_loops_ring, kennysheep_diamond, item_on_display_a,
          uniq_duvessa, uniq_harold, uniq_pikel
Temple:   dpeg_chambers_temple

Skill      XL: |  1  2  3  4  5  6  7  8  9 |
---------------+----------------------------+-----
Fighting       | 4 5 6 8 9 |  9.6
Long Blades    | 5 6 |  6.0
Armour         | 1 3 6 7 8 |  8.0
Throwing       | 1 |  1.8
Axes           | 2 7 |  7.0
Slings         | |  1.1
Stealth        | |  1.0
Evocations     | |  1.0

Action                   |  1- 3 |  4- 6 |  7- 9 || total
-------------------------+-------+-------+-------++-------
Melee: Falchion          |    66 |   149 |     5 ||   220
       Headbutt          |    12 |    22 |    21 ||    55
       Hand axe          |       |       |   120 ||   120
       Unarmed           |       |       |     9 ||     9
Throw: Stone             |       |     1 |    11 ||    12
Evoke: Wand              |       |     1 |     7 ||     8
  Use: Scroll            |     3 |     4 |     6 ||    13
       Potion            |       |     1 |     7 ||     8
 Stab: Sleeping          |       |     2 |       ||     2
Armor: Leather armour    |    19 |    34 |     2 ||    55
       Skin              |       |       |    18 ||    18
       Chain mail        |       |       |    55 ||    55
Dodge: Dodged            |    24 |    94 |    33 ||   151

Table legend: (Time is in decaauts)
 A = Elapsed time spent in this place.
 B = Non-inter-level travel time spent in this place.
 C = Inter-level travel time spent in this place.
 D = Time resting spent in this place.
 E = Time spent auto-exploring this place.
 F = Levels seen in this place.
 G = Mean time per level.
                   A        B        C        D        E       F      G
               +--------+--------+--------+--------+--------+-----+--------+
         Total |   8158 |   7579 |    579 |    325 |   6232 |   8 | 1019.8 |
       Dungeon |   7884 |   7360 |    524 |    325 |   6027 |   7 | 1126.3 |
        Temple |    273 |    218 |     55 |      0 |    205 |   1 |  273.0 |
               +--------+--------+--------+--------+--------+-----+--------+

Top non-repeatable levels by time:
     D:6: 1906 daAuts
     D:4: 1747 daAuts
     D:5: 1316 daAuts
     D:3: 1106 daAuts
     D:2: 1005 daAuts
     D:1: 568 daAuts
  Temple: 273 daAuts
     D:7: 234 daAuts
